 Dungeon Crawl Stone Soup version 0.28.0-53-g5a82cb258f (webtiles) character file.

Game seed: 11494370462002359544

51 DocClef the Skirmisher (level 3, 0/36 HPs)
             Began as a Draconian Fighter on June 15, 2022.
             Slain by a gnoll
             ... wielding a +0 spear
              (4 damage)
             ... on level 2 of the Dungeon.
             The game lasted 00:00:47 (892 turns).

DocClef the Skirmisher (Draconian Fighter)           Turns: 892, Time: 00:00:49

Health: 0/36       AC:  5    Str: 20    XL:     3   Next: 58%
Magic:  3/3        EV: 11    Int:  8    God:
Gold:   21         SH:  4    Dex: 10    Spells: 2/2 levels left

rFire   . . .      SeeInvis .   a - +0 war axe
rCold   . . .      Faith    .   b - +0 buckler
rNeg    . . .      Spirit   .   (armour unavailable)
rPois   .          Reflect  .   (helmet restricted)
rElec   .          Harm     .   (no cloak)
rCorr   .          Rampage  .   (no gloves)
Will    .....                   (no boots)
Stlth   +.........              (no amulet)
HPRegen 0.12/turn               (no ring)
MPRegen 0.08/turn               (no ring)

@: no status effects
A: AC +5, unfitting armour, cold-blooded
a: no special abilities


You were on level 2 of the Dungeon.
You visited 1 branch of the dungeon, and saw 2 of its levels.

You collected 21 gold pieces.

Inventory:

Hand Weapons
 a - a +0 war axe (weapon)
Armour
 b - a +0 buckler (worn)
Scrolls
 e - a scroll of magic mapping {unknown}
Potions
 c - a potion of might
 d - a potion of haste {unknown}
 f - 2 potions of magic {unknown}


   Skills:
 + Level 5.1 Fighting
 - Level 2.0 Axes
 - Level 2.6 Dodging
 - Level 3.0 Shields


You had 2 spell levels left.
You didn't know any spells.
Your spell library was empty.

Dungeon Overview and Level Annotations

Branches:
Dungeon (2/15)

Altars:


Innate Abilities, Weirdness & Mutations

Your plain brown scales are hard. (AC +5)
You cannot fit into any form of body armour.
You are cold-blooded and may be slowed by cold attacks.


Message History

A gnoll is nearby!
A gnoll is nearby!
A gnoll is nearby!
A gnoll is nearby!
A gnoll is nearby!
A gnoll comes into view. It is wielding a +2 vampiric spear.
The gnoll shouts!
A gnoll comes into view. It is wielding a +0 flail.
The gnoll hits you but does no damage.
You closely miss the gnoll. The gnoll barely misses you.
You completely miss the gnoll. The gnoll hits you with a +0 spear.
You block the gnoll's attack.
You hit the gnoll.
The gnoll is moderately wounded.
You hit the gnoll but do no damage. The gnoll hits you but does no damage.
The gnoll hits you with a +0 flail! You block the gnoll's attack.
The gnoll completely misses you.
You slash the gnoll!
You kill the gnoll!
You hit the gnoll but do no damage. You block the gnoll's attack.
The gnoll misses you.
Your Fighting skill increases to level 5!
You hit the gnoll.
The gnoll is moderately wounded.
The gnoll completely misses you. The gnoll hits you with a +0 spear.
The gnoll hits you from afar with a +2 vampiric spear.
You block the gnoll's attack.
You barely miss the gnoll.
The gnoll is moderately wounded.
The gnoll hits you from afar with a +2 vampiric spear.
The gnoll hits you with a +0 spear.
You are too injured to fight recklessly!
You completely miss the gnoll.
The gnoll is moderately wounded.
The gnoll hits you from afar with a +2 vampiric spear.
The gnoll barely misses you.
The gnoll hits you from afar with a +2 vampiric spear!
* * * LOW HITPOINT WARNING * * *
The gnoll hits you with a +0 spear.
You die...

#. ######## .. ...>....
#. ####..... #.
#......†. ######.
#.##.##). .......#####
#...P....
##...g)....#####.#......
......g@...'............
##.........####........P
#.........# #..#..P..P
########### #.........
#..##.#P## #.........
#.......## #######.# ..#


You could see 2 gnolls.

Vanquished Creatures
  A gnoll (D:2)
  5 ball pythons (D:1)
  A bat (D:1)
  2 endoplasms
  A giant cockroach (D:1)
  5 goblins
  6 hobgoblins
  3 jackals (D:1)
  2 quokkas (D:1)
  2 frilled lizards (D:1)
  3 kobolds (D:1)
  5 rats (D:1)
36 creatures vanquished.

Vanquished Creatures (others)
  A plant (D:2)
1 creature vanquished.

Grand Total: 37 creatures vanquished

Notes
Turn   | Place    | Note
-------+----------+-------------------------------------------
     0 | D:1      | DocClef the Draconian Fighter began the quest for the Orb.
     0 | D:1      | Reached XP level 1. HP: 19/19 MP: 1/1
   121 | D:1      | Reached skill level 4 in Fighting
   121 | D:1      | Reached XP level 2. HP: 27/27 MP: 2/2
   574 | D:1      | Reached XP level 3. HP: 29/34 MP: 3/3
   890 | D:2      | Reached skill level 5 in Fighting
   892 | D:2      | Slain by a gnoll

Illustrated notes

Levels and vault maps discovered:
D:1:      minmay_arrival_four_loops, layout_loops_ring, hex_tiny,
          serial_bayou_pond_d
D:2:      cheibrodos_old_hovel, layout_basic, uniq_natasha, uniq_robin

Skill      XL: |  1  2  3 |
---------------+----------+-----
Fighting       | 4 5 |  5.1
Axes           | |  2.0
Dodging        | |  2.6
Shields        | |  3.0

Action                   || total
-------------------------++-------
Melee: War axe           ||    75
       Tailslap          ||     6
Armor: Skin              ||    27
Dodge: Dodged            ||    40
Block: Buckler           ||    15
